WIN
SAN FRANCISCO (WIN) GIANTS @ HOUSTON (WIN) ASTROS
12/03/2045
 
TOP OF THE 1ST
San Francisco (WIN) Giants batting - Pitching for Houston (WIN) Astros : RHP Isaiah McLaurin
Pitching: RHP Isaiah McLaurin
Batting: RHB Miguel Gonzalez 0-0: Called Strike
0-1: Foul Ball, location: 2F
0-2: Ball
1-2: Ball
2-2: Strikes out swinging
Batting: LHB Pat Aviles 0-0: Ball
1-0: Called Strike
1-1: Ball
2-1: SINGLE (Groundball, 34S, EV 71.9 MPH) (infield hit)
Batting: LHB Carey Horncole 0-0: Ball
1-0: Ball
2-0: Ball
3-0: Base on Balls
Pat Aviles to second
Batting: LHB Jared Paige 0-0: Swinging Strike
0-1: Called Strike
0-2: Strikes out swinging
Batting: RHB Chris King 0-0: Ball
1-0: Ball
2-0: Ball
3-0: Base on Balls
Pat Aviles to third
Carey Horncole to second
Batting: LHB Tony Galvan 0-0: Called Strike
0-1: Ball
1-1: Called Strike
1-2: Foul Ball, location: 2F
1-2: Foul Ball, location: 2F
1-2: Strikes out swinging
Top of the 1st over - 0 runs, 1 hit, 0 errors, 3 left on base; San Francisco (WIN) 0 - Houston (WIN) 0
BOTTOM OF THE 1ST
Houston (WIN) Astros batting - Pitching for San Francisco (WIN) Giants : LHP Mike del Rio
Pitching: LHP Mike del Rio
Batting: LHB Kelvin Jones 0-0: Ball
1-0: Ground out 5-3 (Groundball, 15, EV 89.4 MPH)
Batting: RHB Edgar Trejo 0-0: Ball
1-0: Called Strike
1-1: SINGLE (Line Drive, 5D, EV 109.4 MPH)
Batting: RHB Ramon Castellon 0-0: Called Strike
0-1: Foul Ball, location: 2F
0-2: Strikes out swinging
Batting: RHB Justin Olmstead 0-0: Ball
1-0: Ball
2-0: Ball
Passed Ball!
Edgar Trejo to second
3-0: Called Strike
3-1: Base on Balls
Batting: LHB Vinny Siebecker 0-0: Ball
1-0: Ball
2-0: Ball
3-0: Called Strike
3-1: SINGLE (Groundball, 3S, EV 68.8 MPH) (infield hit)
Edgar Trejo to third
Justin Olmstead to second
Batting: RHB Ryan Salas 0-0: Called Strike
0-1: Called Strike
0-2: Ball
1-2: Hit by Pitch
Edgar Trejo scores
Justin Olmstead to third
Vinny Siebecker to second
Batting: RHB Chris McGrath 0-0: Ground out 1-3 (Groundball, 13S, EV 65.0 MPH)
Bottom of the 1st over - 1 run, 2 hits, 0 errors, 3 left on base; San Francisco (WIN) 0 - Houston (WIN) 1
TOP OF THE 2ND
San Francisco (WIN) Giants batting - Pitching for Houston (WIN) Astros : RHP Isaiah McLaurin
Batting: RHB Doug Kennie 0-0: Called Strike
0-1: Swinging Strike
0-2: Ball
1-2: Ball
2-2: Foul Ball, location: 2F
2-2: Ball
3-2: Fly out, F3 (Popup, 34, EV 76.2 MPH)
Batting: LHB Al Hernandez 0-0: Ball
1-0: Ball
2-0: Called Strike
2-1: Called Strike
2-2: Foul Ball, location: 2F
2-2: Foul Ball, location: 2F
2-2: Ball
3-2: Base on Balls
Batting: RHB Mike Jones 0-0: Called Strike
0-1: Ball
1-1: Ball
2-1: Ball
3-1: Base on Balls
Al Hernandez to second
Batting: RHB Miguel Gonzalez 0-0: Grounds into double play, 4-6-3 (Groundball, 4, EV 108.8 MPH)
Top of the 2nd over - 0 runs, 0 hits, 0 errors, 1 left on base; San Francisco (WIN) 0 - Houston (WIN) 1
BOTTOM OF THE 2ND
Houston (WIN) Astros batting - Pitching for San Francisco (WIN) Giants : LHP Mike del Rio
Batting: SHB Paskar Adegoke 0-0: Called Strike
0-1: Ball
1-1: Ball
2-1: Foul Ball, location: 2F
2-2: Strikes out swinging
Batting: SHB Salvador Gomez 0-0: Ground out 4-3 (Groundball, 4, EV 92.5 MPH)
Batting: LHB Kelvin Jones 0-0: Ground out 5-3 (Groundball, 5S, EV 86.2 MPH)
Bottom of the 2nd over - 0 runs, 0 hits, 0 errors, 0 left on base; San Francisco (WIN) 0 - Houston (WIN) 1
TOP OF THE 3RD
San Francisco (WIN) Giants batting - Pitching for Houston (WIN) Astros : RHP Isaiah McLaurin
Batting: LHB Pat Aviles 0-0: Foul Ball, location: 2F
0-1: Ball
1-1: Ball
2-1: Ball
3-1: Base on Balls
Batting: LHB Carey Horncole 0-0: Ball
1-0: Ball
2-0: Ball
3-0: Called Strike
3-1: Called Strike
3-2: Foul Ball, location: 2F
3-2: SINGLE (Line Drive, 34D, EV 101.9 MPH)
Pat Aviles to second
Batting: LHB Jared Paige 0-0: Ball
1-0: Ball
2-0: Called Strike
2-1: Called Strike
2-2: Strikes out swinging
Batting: RHB Chris King 0-0: Called Strike
0-1: Called Strike
0-2: Strikes out swinging
Batting: LHB Tony Galvan 0-0: Ball
1-0: Ball
2-0: Called Strike
2-1: Called Strike
2-2: Strikes out swinging
Top of the 3rd over - 0 runs, 1 hit, 0 errors, 2 left on base; San Francisco (WIN) 0 - Houston (WIN) 1
BOTTOM OF THE 3RD
Houston (WIN) Astros batting - Pitching for San Francisco (WIN) Giants : LHP Mike del Rio
Batting: RHB Edgar Trejo 0-0: Ground out 1-3 (Groundball, 15S, EV 68.8 MPH)
Batting: RHB Ramon Castellon 0-0: Ball
1-0: Ground out U3 (Groundball, 23, EV 84.4 MPH)
Batting: RHB Justin Olmstead 0-0: Swinging Strike
0-1: Ball
1-1: Swinging Strike
1-2: Ground out 1-3 (Groundball, 34S, EV 71.2 MPH)
Bottom of the 3rd over - 0 runs, 0 hits, 0 errors, 0 left on base; San Francisco (WIN) 0 - Houston (WIN) 1
TOP OF THE 4TH
San Francisco (WIN) Giants batting - Pitching for Houston (WIN) Astros : RHP Isaiah McLaurin
Batting: RHB Doug Kennie 0-0: Foul Ball, location: 2F
0-1: Ball
1-1: Ball
2-1: Ball
3-1: Foul Ball, location: 2F
3-2: Strikes out looking
Batting: LHB Al Hernandez 0-0: Foul Ball, location: 2F
0-1: Swinging Strike
0-2: Foul Ball, location: 2F
0-2: Ball
1-2: Ball
2-2: Fly out, F7 (Flyball, 7LS, EV 94.4 MPH)
Batting: RHB Mike Jones 0-0: Fly out, F9 (Flyball, 89XD, EV 92.5 MPH)
Top of the 4th over - 0 runs, 0 hits, 0 errors, 0 left on base; San Francisco (WIN) 0 - Houston (WIN) 1
BOTTOM OF THE 4TH
Houston (WIN) Astros batting - Pitching for San Francisco (WIN) Giants : LHP Mike del Rio
Batting: LHB Vinny Siebecker 0-0: Called Strike
0-1: Swinging Strike
0-2: Ground out U3 (Groundball, 3, EV 83.8 MPH)
Batting: RHB Ryan Salas 0-0: Ground out 4-3 (Groundball, 4, EV 100.0 MPH)
Batting: RHB Chris McGrath 0-0: SINGLE (Line Drive, 89S, EV 101.2 MPH)
Batting: SHB Paskar Adegoke 0-0: Foul Ball, location: 2F
0-1: Foul Ball, location: 2F
0-2: Strikes out swinging
Bottom of the 4th over - 0 runs, 1 hit, 0 errors, 1 left on base; San Francisco (WIN) 0 - Houston (WIN) 1
TOP OF THE 5TH
San Francisco (WIN) Giants batting - Pitching for Houston (WIN) Astros : RHP Isaiah McLaurin
Batting: RHB Miguel Gonzalez 0-0: Ball
1-0: Called Strike
1-1: Ball
2-1: Foul Ball, location: 2F
2-2: Ball
3-2: Strikes out looking
Batting: LHB Pat Aviles 0-0: Ball
1-0: Ball
2-0: Foul Ball, location: 2F
2-1: SOLO HOME RUN (Flyball, 9LD, EV 91.9 MPH), Distance : 338 ft
Batting: LHB Carey Horncole 0-0: Called Strike
0-1: Ball
1-1: Swinging Strike
1-2: Ball
2-2: Foul Ball, location: 2F
2-2: Ball
3-2: Foul Ball, location: 2F
3-2: SINGLE (Line Drive, 7S, EV 97.5 MPH)
Pitching: RHP Jayson Campbell
Batting: LHB Jared Paige 0-0: Ball
1-0: Ball
2-0: Ball
3-0: Base on Balls
Carey Horncole to second
Batting: RHB Chris King 0-0: Ball
1-0: Fly out, F8 (Flyball, 8RD, EV 80.6 MPH)
Runner from 2nd tags up, SAFE at 3rd with throw by CF
Batting: LHB Tony Galvan 0-0: Called Strike
0-1: Fly out, F9 (Flyball, 9LS, EV 90.0 MPH)
Top of the 5th over - 1 run, 2 hits, 0 errors, 2 left on base; San Francisco (WIN) 1 - Houston (WIN) 1
BOTTOM OF THE 5TH
Houston (WIN) Astros batting - Pitching for San Francisco (WIN) Giants : LHP Mike del Rio
Batting: SHB Salvador Gomez 0-0: Called Strike
0-1: Swinging Strike
0-2: Ball
1-2: Strikes out looking
Batting: LHB Kelvin Jones 0-0: Called Strike
0-1: Ball
1-1: Fly out, F9 (Flyball, 9D, EV 98.1 MPH)
Batting: RHB Edgar Trejo 0-0: Ball
1-0: Fly out, F7 (Flyball, 78M, EV 71.9 MPH)
Bottom of the 5th over - 0 runs, 0 hits, 0 errors, 0 left on base; San Francisco (WIN) 1 - Houston (WIN) 1
TOP OF THE 6TH
San Francisco (WIN) Giants batting - Pitching for Houston (WIN) Astros : RHP Jayson Campbell
Batting: RHB Doug Kennie 0-0: Called Strike
0-1: Fly out, F5 (Popup, 5, EV 60.0 MPH)
Batting: LHB Al Hernandez 0-0: Called Strike
0-1: Ball
1-1: Ball
2-1: Foul Ball, location: 2F
2-2: Ball
3-2: Base on Balls
Batting: RHB Mike Jones 0-0: Ball
1-0: Ball
2-0: Ball
3-0: Called Strike
3-1: Swinging Strike
3-2: Foul Ball, location: 2F
3-2: Foul Ball, location: 2F
3-2: Base on Balls
Al Hernandez to second
Batting: RHB Miguel Gonzalez 0-0: Swinging Strike
0-1: Called Strike
0-2: Strikes out swinging
Batting: LHB Pat Aviles 0-0: Ball
1-0: Ball
2-0: Ball
3-0: Called Strike
3-1: DOUBLE (Line Drive, 89XD, EV 107.5 MPH)
Al Hernandez scores
Mike Jones to third
Batting: LHB Carey Horncole 0-0: Swinging Strike
0-1: Swinging Strike
0-2: Strikes out swinging
Top of the 6th over - 1 run, 1 hit, 0 errors, 2 left on base; San Francisco (WIN) 2 - Houston (WIN) 1
BOTTOM OF THE 6TH
Houston (WIN) Astros batting - Pitching for San Francisco (WIN) Giants : LHP Mike del Rio
Batting: RHB Ramon Castellon 0-0: Foul Ball, location: 2F
0-1: Swinging Strike
0-2: Ball
1-2: Reached on error, E4 (Groundball, 4S, EV 86.2 MPH)
Batting: RHB Justin Olmstead 0-0: Ball
1-0: Called Strike
Pickoff Throw to First - Error! E1
Ramon Castellon to second
1-1: Foul Ball, location: 2F
1-2: Ball
2-2: Strikes out swinging
Pinch Hitting: SHB Chris Keziah 0-0: Ball
1-0: 2-RUN HOME RUN (Flyball, 89XD, EV 93.8 MPH), Distance : 357 ft
Batting: RHB Ryan Salas 0-0: Called Strike
0-1: Foul Ball, location: 2F
0-2: Ball
1-2: SINGLE (Groundball, 34S, EV 75.0 MPH) (infield hit)
Batting: RHB Chris McGrath 0-0: Grounds into double play, 6-4-3 (Groundball, 6, EV 106.2 MPH)
Bottom of the 6th over - 2 runs, 2 hits, 2 errors, 0 left on base; San Francisco (WIN) 2 - Houston (WIN) 3
TOP OF THE 7TH
San Francisco (WIN) Giants batting - Pitching for Houston (WIN) Astros : RHP Jayson Campbell
Pitching: RHP Chris Miles
Now at 2B: Chris Keziah
Now at SS: Edgar Trejo
Now in LF: Justin Olmstead
Batting: LHB Jared Paige 0-0: Ball
1-0: Called Strike
1-1: Foul Ball, location: 2F
1-2: Strikes out swinging passed ball, reaches first!
Batting: RHB Chris King 0-0: Called Strike
0-1: Swinging Strike
0-2: Foul Ball, location: 2F
0-2: Ball
1-2: Ball
2-2: Strikes out swinging
Batting: LHB Tony Galvan 0-0: Grounds into double play, 4-6-3 (Groundball, 4, EV 83.1 MPH)
Top of the 7th over - 0 runs, 0 hits, 0 errors, 0 left on base; San Francisco (WIN) 2 - Houston (WIN) 3
BOTTOM OF THE 7TH
Houston (WIN) Astros batting - Pitching for San Francisco (WIN) Giants : LHP Mike del Rio
Batting: SHB Paskar Adegoke 0-0: Called Strike
0-1: Foul Ball, location: 2F
0-2: Ball
1-2: Ball
2-2: Strikes out swinging
Batting: SHB Salvador Gomez 0-0: Fly out, F9 (Line Drive, 9, EV 91.9 MPH)
Batting: LHB Kelvin Jones 0-0: Fly out, F7 (Flyball, 78S, EV 93.1 MPH)
Bottom of the 7th over - 0 runs, 0 hits, 0 errors, 0 left on base; San Francisco (WIN) 2 - Houston (WIN) 3
TOP OF THE 8TH
San Francisco (WIN) Giants batting - Pitching for Houston (WIN) Astros : RHP Chris Miles
Pitching: RHP Robin Yelland
Batting: RHB Doug Kennie 0-0: Called Strike
0-1: Ball
1-1: Swinging Strike
1-2: Foul Ball, location: 2F
1-2: Ball
2-2: Ball
3-2: Strikes out looking
Batting: LHB Al Hernandez 0-0: Called Strike
0-1: Ground out 4-3 (Groundball, 4, EV 85.0 MPH)
Pinch Hitting: LHB Josh Straub 0-0: Ball
1-0: Ball
2-0: Ball
3-0: Base on Balls
Batting: RHB Miguel Gonzalez 0-0: Ball
1-0: Foul Ball, location: 2F
1-1: Fly out, F7 (Flyball, 78M, EV 83.8 MPH)
Top of the 8th over - 0 runs, 0 hits, 0 errors, 1 left on base; San Francisco (WIN) 2 - Houston (WIN) 3
BOTTOM OF THE 8TH
Houston (WIN) Astros batting - Pitching for San Francisco (WIN) Giants : LHP Mike del Rio
Now at 2B: Devin Lowery
Now at 3B: Miguel Gonzalez
Batting: RHB Edgar Trejo 0-0: Ball
1-0: Ball
2-0: Ball
3-0: Called Strike
3-1: Called Strike
3-2: Strikes out swinging
Batting: RHB Ramon Castellon 0-0: Called Strike
0-1: Ball
1-1: Swinging Strike
1-2: Ball
2-2: SOLO HOME RUN (Line Drive, 7D, EV 108.8 MPH), Distance : 398 ft
Batting: RHB Justin Olmstead 0-0: Foul Ball, location: 2F
0-1: Swinging Strike
0-2: Strikes out swinging
Batting: SHB Chris Keziah 0-0: Foul Ball, location: 2F
0-1: Ball
1-1: Ball
2-1: Ball
3-1: SOLO HOME RUN (Flyball, 7D, EV 94.4 MPH), Distance : 374 ft
Pitching: RHP Evan Boy
Batting: RHB Ryan Salas 0-0: Ball
1-0: Foul Ball, location: 2F
1-1: Foul Ball, location: 2F
1-2: Strikes out swinging
Bottom of the 8th over - 2 runs, 2 hits, 0 errors, 0 left on base; San Francisco (WIN) 2 - Houston (WIN) 5
TOP OF THE 9TH
San Francisco (WIN) Giants batting - Pitching for Houston (WIN) Astros : RHP Robin Yelland
Pitching: LHP Mike Cobb
Batting: LHB Pat Aviles 0-0: Swinging Strike
0-1: Swinging Strike
0-2: Ball
1-2: Ball
2-2: Ball
3-2: Strikes out swinging
Batting: LHB Carey Horncole 0-0: Swinging Strike
0-1: Called Strike
0-2: Fly out, F9 (Flyball, 89D, EV 86.2 MPH)
Batting: LHB Jared Paige 0-0: Swinging Strike
0-1: Swinging Strike
0-2: Ball
1-2: Ball
2-2: Foul Ball, location: 2F
2-2: Ground out 4-3 (Groundball, 4D, EV 82.5 MPH)
Top of the 9th over - 0 runs, 0 hits, 0 errors, 0 left on base; San Francisco (WIN) 2 - Houston (WIN) 5
Wednesday, June 22nd , 2022 - OOTP Baseball 23.4 Build 64